 Dungeon Sprint DCSS version 0.14-a0-3329-g86b2fc4 (webtiles) character file.

37 BluebellGnoll the Scratcher (level 3, -3/15 HPs)
             Began as a Felid Transmuter on Mar 16, 2014.
             Slain by a centaur
             ... wielding a cursed -2,-3 bow
              (7 damage)
             ... in the Dungeon (Sprint IX: "|||||||||||||||||||||||||||||").
             The game lasted 00:00:42 (74 turns).

BluebellGnoll the Scratcher (Felid Transmuter)        Turns: 74, Time: 00:00:42

HP  -3/15        AC  1     Str  6      XL: 3   Next: 21%
MP   7/8         EV 18     Int 15      God:
Gold 0           SH  0     Dex 16      Spells:  1 memorised,  5 levels left
Lives: 0, deaths: 0

rFire  . . .     SeeInvis +       - Unarmed
rCold  . . .     Clarity  .     (armour unavailable)
rNeg   . . .     Conserve .     (shield unavailable)
rPois  .         rCorr    .     (helmet unavailable)
rElec  .         rRot     .     (cloak unavailable)
SustAb . .       Spirit   .     (gloves unavailable)
rMut   .         Warding  .     (boots unavailable)
Saprov . . .     NoTele   +     (no amulet)
MR     .....                    (no ring)
                                (no ring)

@: appendage, quick, not resistant to hostile enchantments, fairly stealthy
A: paw claws, no armour, no weapons or thrown items, fangs 3, horns 2, see
invisible, carnivore 3, speed 1, shaggy fur 1, slow metabolism 1, jump 1
a: Jump Attack, End Transformation


You were in the Dungeon.
You were not hungry.
You had grown temporary horns.
You visited 1 branch

Inventory:

Missiles
 b - 12 arrows
Comestibles
 a - a meat ration
Scrolls
 j - a scroll of blinking
Potions
 f - a potion of heal wounds
 g - a potion of haste
 h - 2 potions of magic
 i - a potion of berserk rage
Books
 d - a book of Changes

   Spells                             Type                      Level
   *Beastly Appendage                 Transmutation                1
   Sticks to Snakes                   Transmutation                2
   Spider Form                        Transmutation/Poison         3
   Ice Form                           Ice/Transmutation            4
   Blade Hands                        Transmutation                5


   Skills:
 - Level 1.0 Fighting
 - Level 2.6 Dodging
 + Level 7.1 Unarmed Combat
 - Level 2.0 Spellcasting
 - Level 2.1 Transmutations


You had 5 spell levels left.
You knew the following spells:

 Your Spells              Type           Power        Failure   Level  Hunger
a - Beastly Appendage     Trmt           #.....       12%         1    #......


Dungeon Overview and Level Annotations

Branches:
Dungeon (1/1)

Altars:


Innate Abilities, Weirdness & Mutations

You cannot wear armour.
You are incapable of wielding weapons or throwing items.
Your paws have sharp claws.
You have razor-sharp teeth.
You have supernaturally acute eyesight.
You are carnivorous and can eat meat at any time.
You cover ground quickly.
You are covered in fur (AC +1).
You have a slow metabolism.
You can jump attack at a short distance.
You have a pair of horns on your head.


Message History

Your experience leads to an increase in your attributes!
Increase (S)trength, (I)ntelligence, or (D)exterity?
You feel clever. The centaur misses you.
Casting: Beastly Appendage
Confirm with . or Enter, or press ? or * to list all spells.
You grow a pair of large bovine horns.
The centaur closely misses you.
You closely miss the centaur. The centaur barely misses you.
You claw the centaur!
The centaur begins to bleed from its wounds!
The centaur is moderately wounded.
The centaur completely misses you.
You claw the centaur!
The centaur is almost dead.
The centaur hits you with a bow! The centaur hits you with a bow.
* * * LOW HITPOINT WARNING * * *
You scratch the centaur.
The centaur is almost dead.
The centaur hits you with a bow!
You die...

▓+▓
▓.▓
▓S▓
▓b▓
▓c▓
▓@▓
▓'▓
▓(▓
▓.▓
▓.▓
▓.▓
▓)▓
▓(▓
▓.▓


You could see a centaur (bleeding), a bat and a ball python.

Vanquished Creatures
  A crimson imp (D)
  An ooze (D)
  2 bats (D)
  A hobgoblin (D)
  A giant newt (D)
  A rat zombie (D)
7 creatures vanquished.

Notes
Turn   | Place    | Note
--------------------------------------------------------------
     0 | D        | BluebellGnoll, the Felid Transmuter, began the quest for the Orb.
     0 | D        | Reached XP level 1. HP: 9/9 MP: 4/4
    20 | D        | Reached skill level 4 in Unarmed Combat
    53 | D        | Noticed a centaur
    53 | D        | Noticed a crimson imp
    69 | D        | Killed a crimson imp
    69 | D        | Reached skill level 7 in Unarmed Combat
    69 | D        | Reached XP level 2. HP: 12/12 MP: 5/5
    69 | D        | Reached XP level 3. HP: 15/15 MP: 8/8
    74 | D        | Slain by a centaur

Action                   || total
-------------------------++-------
Melee: Unarmed           ||    36
 Cast: Beastly Appendage ||     3
  Use: Potion            ||     1
